 Dungeon Crawl Stone Soup version 0.28.0-43-g3370ac3207 (webtiles) character file.

Game seed: 6409796115749791400

345 pkoi the Ruffian (level 6, -6/51 HPs)
             Began as a Draconian Monk on Mar 20, 2022.
             Killed from afar by Pikel (16 damage)
             ... with an iceblast
             ... on level 4 of the Dungeon.
             The game lasted 00:03:41 (3585 turns).

pkoi the Ruffian (Draconian Monk)                   Turns: 3585, Time: 00:03:42

Health: -6/51      AC:  7    Str: 14    XL:     6   Next: 32%
Magic:  6/6        EV: 12    Int: 12    God:
Gold:   117        SH:  0    Dex: 13    Spells: 5/5 levels left

rFire   . . .      SeeInvis +     - Unarmed
rCold   . . .      Faith    .   (no shield)
rNeg    . . .      Spirit   .   (armour unavailable)
rPois   .          Reflect  .   (helmet restricted)
rElec   .          Harm     .   a - +0 cloak
rCorr   .          Rampage  .   (no gloves)
Will    .....                   (no boots)
Stlth   ++........              (no amulet)
HPRegen 0.17/turn               g - ring of see invisible
MPRegen 0.10/turn               (no ring)

@: no status effects
A: AC +6, unfitting armour, cold-blooded
a: no special abilities


You were on level 4 of the Dungeon.
You visited 1 branch of the dungeon, and saw 4 of its levels.

You collected 117 gold pieces.

Inventory:

Hand Weapons
 h - a +1 rapier
Armour
 a - a +0 cloak (worn)
Jewellery
 g - a ring of see invisible (left hand)
Wands
 i - a wand of acid (3)
Scrolls
 f - a scroll of summoning
 j - 2 scrolls of teleportation
Potions
 b - 2 potions of curing {unknown}
 c - a potion of lignification {unknown}
 d - 3 potions of attraction {unknown}
 e - a potion of brilliance {unknown}
 k - a potion of cancellation {unknown}


   Skills:
 + Level 3.5 Fighting
 - Level 2.6 Dodging
 - Level 1.7 Stealth
 * Level 7.1 Unarmed Combat


You had 5 spell levels left.
You didn't know any spells.
Your spell library contained the following spells:

 Spells                   Type           Power      Damage    Failure   Level
 Sting                    Tmut/Pois      0%         1d3       32%         1
 Poisonous Vapours        Pois/Air       0%         N/A       45%         2
 Confusing Touch          Hex            0%         N/A       69%         3
 Dazzling Flash           Conj/Hex       0%         N/A       69%         3
 Iskenderun's Mystic Bla  Conj/Tloc      0%         2d3       97%         4
 Olgreb's Toxic Radiance  Pois           0%         N/A       97%         4
 Yara's Violent Unravell  Hex/Tmut       0%         3d3       100%        5
 Starburst                Conj/Fire      0%         6d3       100%        6
 Enfeeble                 Hex            0%         N/A       100%        7


Dungeon Overview and Level Annotations

Branches:
Dungeon (4/15)
 Temple: D:4-7

Altars:

Annotations:
D:3 Sigmund
D:4 Pikel


Innate Abilities, Weirdness & Mutations

Your plain brown scales are hard. (AC +6)
You cannot fit into any form of body armour.
You are cold-blooded and may be slowed by cold attacks.


Message History

You barely miss the lemure.
Your tail-slap misses the lemure.
Pikel closely misses you. The lemure hits you.
The lemure completely misses you.
You barely miss the lemure. Pikel closely misses you. The lemure misses you.
The lemure barely misses you.
You hit the lemure.
The lemure is moderately wounded.
The scorpion stings you.
* * * LOW HITPOINT WARNING * * *
The lemure hits you.
* * * LOW HITPOINT WARNING * * *
The lemure closely misses you. Pikel misses you.
You punch the scorpion!
The scorpion is heavily wounded.
The scorpion closely misses you. The lemure hits you.
* * * LOW HITPOINT WARNING * * *
The lemure barely misses you.
Pikel hits you with a +0 whip of electrocution.
* * * LOW HITPOINT WARNING * * *
You hit the scorpion but do no damage. You tail-slap the scorpion.
Your punch misses the scorpion.
The scorpion is heavily wounded.
The scorpion stings you but does no damage.
Pikel hits you with a +0 whip of electrocution!
* * * LOW HITPOINT WARNING * * *
The lemure hits you but does no damage. The lemure hits you.
* * * LOW HITPOINT WARNING * * *
You hit the scorpion. You tail-slap the scorpion.
The scorpion is almost dead.
The scorpion stings you but does no damage.
Unknown command.
You barely miss the scorpion. You tail-slap the scorpion.
You kill the scorpion!
Pikel completely misses you. The lemure hits you!
* * * LOW HITPOINT WARNING * * *
The lemure barely misses you.
Your Unarmed Combat skill increases to level 7!
Unknown command.
Pikel zaps a wand.
The mass of ice explodes!
The iceblast engulfs you!
You die...

##.....#
#.....[#
+......#
#......###
#.......#
#.55..# #55K#
#'# #@# #.#
##.#######
##.....s...
#..†..####.
#..........
...)..#.######.
#######........
#.#######


You could see Pikel and 4 lemures.

Vanquished Creatures
  A necrophage (D:4)
  2 scorpions (D:4)
  A centaur skeleton (D:4)
  Jessica (D:3)
  Robin (D:3)
  2 adders
  A worm (D:4)
  2 dart slugs (D:2)
  An orc (D:4)
  3 ball pythons
  3 endoplasms
  2 giant cockroaches (D:2)
  12 goblins
  6 hobgoblins
  3 jackals (D:2)
  A quokka (D:2)
  A bat (D:2)
  2 frilled lizards (D:2)
  5 kobolds
  6 rats
56 creatures vanquished.

Notes
Turn   | Place    | Note
-------+----------+-------------------------------------------
     0 | D:1      | pkoi the Draconian Monk began the quest for the Orb.
     0 | D:1      | Reached XP level 1. HP: 19/19 MP: 1/1
   163 | D:1      | Found a faded altar of an unknown god.
   668 | D:1      | Reached XP level 2. HP: 26/26 MP: 2/2
  1177 | D:2      | Reached skill level 4 in Unarmed Combat
  1311 | D:2      | Reached XP level 3. HP: 27/31 MP: 3/3
  1877 | D:3      | Noticed Jessica
  1879 | D:3      | Noticed Sigmund
  1881 | D:3      | Identified the +1 helmet of Resilience {+Blink rC- Will+
                  | rCorr}
  1881 | D:3      | Noticed Robin
  2249 | D:3      | Killed Robin
  2367 | D:3      | Killed Jessica
  2368 | D:3      | Reached skill level 5 in Unarmed Combat
  2368 | D:3      | Reached XP level 4. HP: 38/38 MP: 4/4
  2831 | D:4      | Noticed a scorpion
  2908 | D:4      | Noticed a necrophage
  2925 | D:4      | Killed a necrophage
  2926 | D:4      | Reached skill level 6 in Unarmed Combat
  2926 | D:4      | Reached XP level 5. HP: 27/45 MP: 5/5
  3324 | D:4      | Reached XP level 6. HP: 47/51 MP: 6/6
  3576 | D:4      | Noticed Pikel
  3585 | D:4      | Reached skill level 7 in Unarmed Combat
  3585 | D:4      | Killed from afar by Pikel

Illustrated notes

Levels and vault maps discovered:
D:1:      minmay_arrival_shoal_huts, layout_basic,
          chequers_ecumenical_altar_island
D:2:      layout_loops_ring
D:3:      layout_loops_ring, uniq_jessica, uniq_robin, uniq_sigmund
D:4:      layout_loops_corners, mainiacjoe_overflow_swirl,
          hangedman_glass_teeth, uniq_pikel

Skill      XL: |  1  2  3  4  5  6 |
---------------+-------------------+-----
Unarmed Combat | 4 5 6 7 |  7.1
Fighting       | |  3.5
Dodging        | |  2.6
Stealth        | |  1.7

Action                   |  1- 3 |  4- 6 || total
-------------------------+-------+-------++-------
Melee: Unarmed           |   136 |    62 ||   198
       Tailslap          |    14 |    10 ||    24
       Punch             |     3 |     1 ||     4
  Use: Scroll            |     3 |     1 ||     4
 Stab: Sleeping          |     7 |     3 ||    10
Armor: Skin              |    38 |    15 ||    53
Dodge: Dodged            |    78 |    43 ||   121
